 Dungeon Crawl Stone Soup version 0.25.1-2-g60ff931df9 (webtiles) character file.

Game seed: 15032768259263599761

470 Ivernyr the Chiller (level 7, -14/32 HPs)
             Began as a Vine Stalker Ice Elementalist on Oct 16, 2020.
             Was a Follower of Sif Muna.
             Demolished by Menkaure (18 damage)
             ... on level 4 of the Dungeon.
             The game lasted 00:11:30 (3849 turns).

Ivernyr the Chiller (Vine Stalker Ice Elementalist) Turns: 3849, Time: 00:11:30

Health: -14/32     AC:  3    Str: 11    XL:     7   Next: 9%
Magic:  0/14       EV: 13    Int: 17    God:    Sif Muna [*.....]
Gold:   169        SH:  0    Dex: 14    Spells: 7/14 levels left

rFire    . . .     SeeInvis .   i - +3 whip
rCold    . . .     Gourm    .   (no shield)
rNeg     . . .     Faith    .   a - +0 robe
rPois    .         Spirit   +   (no helmet)
rElec    .         Reflect  .   (no cloak)
rCorr    .         Harm     .   (no gloves)
MR       .....                  n - +0 pair of boots
Stlth    ++........             d - amulet of the acrobat
HPRegen  0.50/turn              (no ring)
MPRegen  0.14/turn              (no ring)

@: no status effects
A: fangs 2, regeneration 1, magic shield, antimagic bite, no potion heal 3, rot
immunity
a: Channel Magic, Renounce Religion


You were on level 4 of the Dungeon.
You worshipped Sif Muna.
Sif Muna was aware of your devotion.
You were not hungry.

You visited 1 branch of the dungeon, and saw 4 of its levels.

You collected 169 gold pieces.

Inventory:

Hand Weapons
 i - a +3 whip (weapon)
Missiles
 f - 21 poisoned darts (quivered)
Armour
 a - a +0 robe (worn)
 e - a +2 buckler
 n - a +0 pair of boots (worn)
Jewellery
 d - an amulet of the acrobat (around neck)
Wands
 g - a wand of iceblast (6)
Scrolls
 b - 4 scrolls of identify {unknown}
 h - 2 scrolls of teleportation {unknown}
 j - a scroll of enchant weapon {unknown}
 l - a scroll of immolation {unknown}
 o - a scroll of remove curse {unknown}
Potions
 k - a potion of brilliance {unknown}
 m - a potion of might {unknown}
 p - 2 potions of haste {unknown}
 q - a potion of curing {unknown}
 s - a potion of lignification {unknown}
Comestibles
 c - 4 rations


   Skills:
 - Level 3.0 Dodging
 - Level 2.4 Stealth
 + Level 1.0 Shields
 + Level 4.0 Spellcasting
 * Level 6.4 Ice Magic
 + Level 1.0 Invocations


You had 7 spell levels left.
You knew the following spells:

 Your Spells              Type           Power        Failure   Level  Hunger
a - Freeze                Ice            ####         1%          1    None
b - Frozen Ramparts       Ice            ####..       3%          3    ###....
c - Ozocubu's Armour      Chrm/Ice       ##......     13%         3    ###....

Your spell library contained the following spells:

 Spells                   Type           Power        Failure   Level  Hunger
 Hailstorm                Conj/Ice       ##......     38%         4    ####...
 Summon Ice Beast         Ice/Summ       ##......     38%         4    ####...


Dungeon Overview and Level Annotations

Branches:
Dungeon (4/15)
 Temple: D:4-7

Altars:
Ashenzari
Kikubaaqudgha
Makhleb
Sif Muna
Wu Jian

Annotations:
D:3 2 transporters
D:4 Menkaure


Innate Abilities, Weirdness & Mutations

You have extremely sharp teeth.
Your natural rate of healing is unusually fast.
When hurt, damage is shared between your health and your magic reserves.
Your bite disrupts and absorbs the magic of your enemies.
Potions cannot restore your health.
You are immune to rotting.


Message History

You hit Menkaure.
Menkaure is heavily damaged.
You hit Menkaure but do no damage.
Menkaure is heavily damaged.
Menkaure hits you.
* * * LOW HITPOINT WARNING * * *
You barely miss Menkaure. You bite Menkaure.
Menkaure's magic leaks into the air.
You drain his magic.
You feel invigorated.
Menkaure is severely damaged.
Menkaure casts a spell.
Menkaure seems to speed up.
You hit Menkaure.
Menkaure is almost destroyed.
Menkaure calls on the powers of darkness!
Your body is wracked with pain!
You hit Menkaure but do no damage.
Menkaure is almost destroyed.
Menkaure falters for a moment.
Menkaure hits you!!
Ouch! That really hurt!
You die...

...# ## #..# . #..# ##
#. #..# .#
#.#####..###.#####
#...#............#
######..>.?.....<#
#........[..@.#..#
#.##........M...?#
a.........###...#...#
M.....#######...#......
...... ............%..
..... ##............
)...# ###.[...#.>##..
..#. ###.......#..# #.
#.# .....#....#


You could see Menkaure (fast).

Vanquished Creatures
  Sigmund (D:2)
  2 orc wizards
  Natasha (thrice) (D:2)
  9 adders
  2 oozes
  4 worms
  A dart slug (D:4)
  2 leopard geckos
  5 orcs (D:3)
  A ball python (D:3)
  A giant cockroach (D:3)
  9 goblins
  10 hobgoblins
  6 jackals
  4 kobolds
  5 quokkas
  12 bats
  7 frilled lizards
  A jackal skeleton (D:4)
  10 rats
95 creatures vanquished.

Notes
Turn   | Place    | Note
-------+----------+-------------------------------------------
     0 | D:1      | Ivernyr the Vine Stalker Ice Elementalist began the quest
                  | for the Orb.
     0 | D:1      | Reached XP level 1. HP: 9/9 MP: 4/4
   218 | D:1      | Reached XP level 2. HP: 13/13 MP: 1/6
   685 | D:1      | Reached XP level 3. HP: 6/16 MP: 1/7
   690 | D:1      | Learned a level 3 spell: Frozen Ramparts
   694 | D:1      | Learned a level 3 spell: Ozocubu's Armour
  1019 | D:2      | Noticed Sigmund
  1026 | D:2      | Killed Sigmund
  1026 | D:2      | Reached skill level 5 in Ice Magic
  1026 | D:2      | Gained mutation: Your natural rate of healing is unusually
                  | fast. [Vine Stalker growth]
  1026 | D:2      | Reached XP level 4. HP: 14/21 MP: 0/10
  1026 | D:2      | Reached XP level 5. HP: 16/24 MP: 0/11
  1120 | D:2      | Found a shattered altar of Ashenzari.
  1604 | D:2      | Found a shimmering blue altar of Sif Muna.
  1610 | D:2      | Became a worshipper of Sif Muna the Loreminder
  1696 | D:2      | Reached XP level 6. HP: 28/28 MP: 12/12
  1789 | D:2      | Noticed Natasha
  1795 | D:2      | Killed Natasha
  2403 | D:2      | Found a shattered altar of Ashenzari.
  2414 | D:2      | Noticed Natasha
  2426 | D:2      | Killed Natasha
  2426 | D:2      | Reached skill level 6 in Ice Magic
  2662 | D:2      | Noticed Natasha
  2668 | D:2      | Killed Natasha
  3030 | D:3      | Reached * piety under Sif Muna
  3341 | D:3      | Found a burning altar of Makhleb.
  3448 | D:3      | Found an ancient bone altar of Kikubaaqudgha.
  3456 | D:3      | Reached XP level 7. HP: 31/32 MP: 10/13
  3509 | D:3      | Found an ornate altar of the Wu Jian Council.
  3510 | D:3      | Noticed a komodo dragon
  3511 | D:3      | Found a transporter.
  3520 | D:3      | Found a transporter.
  3588 | D:4      | Reached skill level 1 in Shields
  3597 | D:4      | Noticed Menkaure
  3720 | D:4      | Reached skill level 1 in Invocations
  3849 | D:4      | Demolished by Menkaure

Illustrated notes

Levels and vault maps discovered:
D:1:      wheals_arrival_shading, layout_rooms
D:2:      minmay_wonky_spiral, layout_loops_ring, overflow_temple_1_default,
          led_sif_pool, minivault_14, uniq_natasha, uniq_sigmund
D:3:      layout_loops_ring, nicolae_overflow_hidden_temple, marbit_many_paths,
          gammafunk_temple_overflow_arena
D:4:      layout_rooms, nicolae_dithmenos_the_darkroom, lemuel_crystal_altar,
          doesnt_xom_only_xom, first_ration, uniq_menkaure, uniq_blork_the_orc

Skill      XL: |  1  2  3  4  5  6  7 |
---------------+----------------------+-----
Dodging        | 2 3 |  3.0
Spellcasting   | 3 4 |  4.0
Ice Magic      | 5 6 |  6.4
Shields        | 1 |  1.0
Invocations    | 1 |  1.0
Stealth        | |  2.4

Action                   |  1- 3 |  4- 6 |  7- 9 || total
-------------------------+-------+-------+-------++-------
Melee: Unarmed           |    21 |       |       ||    21
       Bite              |     7 |    23 |     7 ||    37
       Whip              |     7 |   136 |    40 ||   183
 Cast: Freeze            |    25 |    38 |     6 ||    69
       Frozen Ramparts   |       |       |     1 ||     1
 Stab: Sleeping          |     3 |     8 |     2 ||    13
  Eat: Chunk             |       |     8 |     2 ||    10
Armor: Robe              |    13 |    13 |    11 ||    37
Dodge: Dodged            |    32 |   116 |    45 ||   193
